 Seeded DCSS version 0.29.1-12-g30fa7ad0bf (webtiles) character file.

Game seed: 1 (custom seed)

5092 Kazon the Sneak (level 10, -7/94 HPs)
             Began as a Naga Fighter on Jan 12, 2023.
             Was a Believer of Okawaru.
             Mangled by an orc warrior
             ... wielding a +0 battleaxe
              (12 damage)
             ... on level 9 of the Dungeon.
             The game lasted 00:34:51 (6804 turns).

Kazon the Sneak (Naga Fighter)                      Turns: 6804, Time: 00:34:52

Health: -7/94      AC: 10    Str: 19    XL:     10   Next: 57%
Magic:  12/12      EV: 11    Int: 10    God:    Okawaru [**....]
Gold:   342        SH:  7    Dex: 13    Spells: 9/9 levels left

rFire   . . .      SeeInvis +   s - +3 falchion of Winter {venom, rCorr}
rCold   + . .      Faith    .   c - +0 buckler
rNeg    + . .      Spirit   .   n - +0 scale mail of Light {rCorr Slay+3}
rPois   +          Reflect  .   k - +0 helmet
rElec   .          Harm     .   (no cloak)
rCorr   +          Rampage  .   (no gloves)
Will    +....                   (no barding)
Stlth   ++++......              l - amulet of the acrobat
HPRegen 0.25/turn               r - ring of positive energy
MPRegen 0.13/turn               C - ring of protection from cold

@: heroic, very slow
A: AC +3, large, see invisible, deformed body, poison resistance, slowness 2,
spit poison 1, naga tail 1
a: Spit Poison, Renounce Religion, Heroism


You were on level 9 of the Dungeon.
You worshipped Okawaru.
Okawaru was pleased with you.
You visited 2 branches of the dungeon, and saw 10 of its levels.

You collected 568 gold pieces.
You spent 226 gold pieces at shops.

Inventory:

Hand Weapons
 e - a +2 dagger of venom
 s - the +3 falchion of Winter (weapon) {venom, rCorr}
   (You bought it in a shop on level 3 of the Dungeon)

   It poisons the flesh of those it strikes.
   rCorr:     It protects you from acid and corrosion.
Missiles
 j - 39 stones
 o - 14 boomerangs (quivered)
 D - 3 curare-tipped darts
 G - 8 poisoned darts
Armour
 c - a +0 buckler (worn)
 k - a +0 helmet (worn)
 n - the +0 scale mail of Light (worn) {rCorr Slay+3}
   (You acquired it on level 1 of the Dungeon)

   Slay:      It affects your accuracy & damage with ranged weapons and melee
   (+3).
   rCorr:     It protects you from acid and corrosion.
 B - a +3 leather armour of cold resistance
Jewellery
 l - an amulet of the acrobat (around neck)
 r - a ring of positive energy (left hand)
 C - a ring of protection from cold (right hand)
Wands
 h - a wand of roots (6)
 x - a wand of paralysis (10)
 y - a wand of mindburst (16)
 z - a wand of flame (13)
Scrolls
 i - 7 scrolls of identify
 m - 2 scrolls of immolation {unknown}
 p - a scroll of poison {unknown}
 q - 2 scrolls of fog {unknown}
 t - 2 scrolls of teleportation
 v - a scroll of magic mapping {unknown}
 w - 2 scrolls of noise {unknown}
 F - 2 scrolls of enchant weapon {unknown}
 H - a scroll of fear {unknown}
Potions
 a - a potion of ambrosia
 b - 4 potions of berserk rage {unknown}
 d - 2 potions of might
 f - 2 potions of haste
 g - 3 potions of flight
 u - 5 potions of lignification
 A - 2 potions of cancellation
 I - 2 potions of curing


   Skills:
 + Level 7.0(12.0) Fighting
 + Level 4.6(11.5) Short Blades
 + Level 7.1(12.7) Long Blades
 + Level 4.2(9.2) Throwing
 + Level 6.0(11.0) Armour
 + Level 4.1(9.1) Dodging
 + Level 7.9(12.9) Stealth
 + Level 5.9(10.9) Shields
 * Level 3.1 Invocations
 * Level 3.6 Evocations


You had 9 spell levels left.
You didn't know any spells.
Your spell library contained the following spells:

 Spells                   Type           Power      Damage    Failure   Level
 Apportation              Tloc           0%         N/A       71%         1
 Necrotise                Necr           0%         1d4       71%         1
 Sting                    Tmut/Pois      0%         1d3       71%         1
 Poisonous Vapours        Pois/Air       0%         N/A       85%         2
 Olgreb's Toxic Radiance  Pois           0%         N/A       100%        4
 Fireball                 Conj/Fire      0%         3d3       100%        5
 Iskenderun's Battlesphe  Conj           0%         2d6       100%        5
 Conjure Ball Lightning   Conj/Air       0%         3x3d6     100%        6
 Orb of Destruction       Conj           0%         9d5       100%        7
 Summon Small Mammal      Summ           Unusable   N/A       N/A         1

Dungeon Overview and Level Annotations

Branches:
Dungeon (9/15)             Temple (1/1) D:7
   Lair: D:8-11         Orc: D:9-12

Altars:
Ashenzari
Dithmenos
Elyvilon
Gozag
Hepliaklqana
Makhleb
Nemelex Xobeh
Okawaru
Qazlal
Uskayaw
Xom

Shops:
D:3 (   D:8 ?(==


Innate Abilities, Weirdness & Mutations

Your serpentine skin is tough. (AC +3)
You have supernaturally acute eyesight. (SInv)
Armour fits poorly on your strangely shaped body.
Your system is resistant to poisons. (rPois)
You cover ground very slowly.
You can spit poison.
You have a snake-like lower body.


Message History

The orc is severely wounded.
You block the orc warrior's attack. You block the orc's attack.
You hit the orc warrior but do no damage.
You slash the orc!
You kill the orc!
Okawaru accepts your kill.
The orc warrior hits you with a +0 battleaxe.
* * * LOW HITPOINT WARNING * * *
You hit the orc warrior but do no damage.
The orc warrior is poisoned.
The orc warrior hits you with a +0 battleaxe.
* * * LOW HITPOINT WARNING * * *
You hit the orc warrior but do no damage.
The orc warrior looks as sick as possible!
You hit the orc warrior.
The orc warrior looks as sick as possible!
The orc warrior is lightly wounded.
The orc warrior hits you with a +0 battleaxe!
* * * LOW HITPOINT WARNING * * *
It was a potion of ambrosia.
You are confused.
You feel invigorated.
The wyvern hisses angrily.
The orc warrior barely misses you.
Found a chain mail.
The orc warrior completely misses you.
Things that are here:
a +4 short sword of freezing; a +0 scale mail The wyvern completely misses you.
The orc warrior misses you. The wyvern bites you!
* * * LOW HITPOINT WARNING * * *
The orc warrior completely misses you.
Found an escape hatch in the floor.
You feel less invigorated.
You feel less confused. The wyvern barely misses you.
You block the wyvern's attack.
You hit the orc warrior but do no damage.
The orc warrior is heavily wounded.
The wyvern bites you!
* * * LOW HITPOINT WARNING * * *
The orc warrior hits you with a +0 battleaxe!
You die...

#..... .[..........
..... #............
....# #............
.##.########............
.#.......#..............
........................
........................
.............)).l.......
...............o@.......
..........)..))........>
.#...###.....)..........
####.# ##.............#.
.. ### ##...[.......##
... #............. ....
............... ...
...#####.$......


You could see an orc warrior (very poisoned) and a wyvern.

Vanquished Creatures
  Maggie (D:6)
  A yak (D:6)
  A wyvern (D:7)
  Eustachio (D:5)
  A steam dragon (D:7)
  Menkaure (D:5)
  Edmund (D:6)
  4 water moccasins
  3 orc warriors
  An ice beast (D:8)
  5 sky beasts
  2 black bears (D:6)
  4 centaurs
  An ogre (D:6)
  2 phantoms (D:6)
  2 kobold brigands
  3 necrophages
  A bullfrog (D:7)
  A gnoll sergeant (D:7)
  5 scorpions
  4 wights (D:8)
  A howler monkey (D:5)
  2 jellies (D:6)
  A hound (D:4)
  6 orc priests
  A gnoll bouda (D:7)
  6 iguanas
  Robin (D:3)
  15 gnolls
  13 adders
  3 shadow imps
  2 white imps (D:7)
  An ufetubus (D:5)
  3 worms
  29 orcs
  11 endoplasms
  A giant cockroach (D:1)
  16 goblins
  9 hobgoblins
  A jackal (D:4)
  17 kobolds
  2 quokkas
  5 ball pythons
  4 bats
  3 frilled lizards
  6 rats
204 creatures vanquished.

Notes
Turn   | Place    | Note
-------+----------+-------------------------------------------
     0 | D:1      | Kazon the Naga Fighter began the quest for the Orb.
     0 | D:1      | Reached XP level 1. HP: 21/21 MP: 1/1
    36 | D:1      | Identified a scroll of acquirement
    36 | D:1      | Acquired the +0 scale mail of Light {rCorr Slay+3}
   207 | D:1      | Reached XP level 2. HP: 23/28 MP: 2/2
   733 | D:2      | Reached XP level 3. HP: 25/34 MP: 3/3
  1156 | D:2      | Reached XP level 4. HP: 39/42 MP: 4/4
  1333 | D:3      | Found Umat's Antique Weapon Boutique.
  1366 | D:3      | Bought a crude falchion for 184 gold pieces
  1366 | D:3      | Identified the +3 falchion of Winter {venom, rCorr} (You
                  | bought it in a shop on level 3 of the Dungeon)
  1621 | D:3      | Noticed Robin
  1633 | D:3      | Reached skill level 1 in Stealth
  1633 | D:3      | Reached XP level 5. HP: 43/50 MP: 5/5
  1642 | D:3      | Killed Robin
  1749 | D:3      | Reached skill level 1 in Short Blades
  1871 | D:3      | Reached skill level 5 in Fighting
  1871 | D:3      | Reached skill level 5 in Long Blades
  1871 | D:3      | Reached skill level 5 in Shields
  1871 | D:3      | Reached XP level 6. HP: 62/62 MP: 6/6
  2194 | D:4      | Reached XP level 7. HP: 68/68 MP: 7/7
  2549 | D:4      | Found a hazy altar of Hepliaklqana.
  2834 | D:5      | Entered Level 5 of the Dungeon
  3105 | D:5      | Noticed Eustachio
  3112 | D:5      | Killed Eustachio
  3113 | D:5      | Reached skill level 1 in Evocations
  3113 | D:5      | Reached XP level 8. HP: 74/76 MP: 8/8
  3119 | D:5      | Reached skill level 5 in Armour
  3336 | D:5      | Noticed Menkaure
  3344 | D:5      | Killed Menkaure
  4060 | D:6      | Reached XP level 9. HP: 68/82 MP: 9/9
  4374 | D:6      | Noticed Maggie
  4388 | D:6      | Killed Maggie
  4506 | D:7      | Found a staircase to the Ecumenical Temple.
  4515 | Temple   | Entered the Ecumenical Temple
  4522 | Temple   | Became a worshipper of Warmaster Okawaru
  4601 | D:7      | Found a hide-covered altar of Uskayaw.
  4711 | D:6      | Reached * piety under Okawaru
  4712 | D:6      | Reached skill level 1 in Invocations
  4914 | D:6      | Reached XP level 10. HP: 77/92 MP: 11/11
  4970 | D:6      | Noticed Edmund
  5132 | D:6      | Killed Edmund
  5251 | D:6      | Reached ** piety under Okawaru
  5756 | D:7      | Found a white marble altar of Elyvilon.
  5886 | D:8      | Found Quzidd's Magic Scroll Emporium.
  5891 | D:8      | Bought a scroll of teleportation for 42 gold pieces
  6058 | D:8      | Found Heidghoki's Jewellery Shop.
  6232 | D:8      | Found Esumer's Weapon Shop.
  6624 | D:8      | Found Zoxtaeshakh's Jewellery Boutique.
  6799 | D:9      | HP: 4/94 [orc warrior/+0 battleaxe (13)]
  6804 | D:9      | Mangled by an orc warrior

Illustrated notes

Levels and vault maps discovered:
D:1:      dpeg_arrival_three_smaller_balls, layout_basic
D:2:      layout_loops_ring
D:3:      layout_basic, serial_shops, nicolae_shop_stone, st_stairs_9,
          minmay_misc_feat_doors, eino_curves_03, uniq_robin
D:4:      minmay_wonky_spiral, layout_basic,
          mainiacjoe_overflow_surrounded_room, minivault_5
D:5:      layout_cave_pods, uniq_menkaure, uniq_eustachio
D:6:      cheibrodos_barr_body, layout_basic, minmay_crystal_room,
          minmay_pentangle, uniq_maggie, uniq_edmund
D:7:      layout_cave_pools, nicolae_uskayaw_murder_on_the_dancefloor,
          elyvilon_altar_4, minmay_temple_entry_purple_smoke
D:8:      layout_basic, serial_shops, shop_statue, kennysheep_little_box, shop,
          nicolae_shop_window_shopping
D:9:      layout_cave_pools, uniq_prince_ribbit1
Temple:   nicolae_temple_bog_church

Skill      XL: |  1  2  3  4  5  6  7  8  9 10 |
---------------+-------------------------------+-----
Shields        | 3 5 |  5.9
Armour         | 3 4 5 6 |  6.0
Stealth        | 1 6 7 |  7.9
Short Blades   | 4 |  4.6
Fighting       | 5 6 7 |  7.0
Long Blades    | 5 6 7 |  7.1
Throwing       | 3 4 |  4.2
Dodging        | 3 4 |  4.1
Evocations     | 1 2 3 |  3.6
Invocations    | 1 3 |  3.1

Action                   |  1- 3 |  4- 6 |  7- 9 | 10-12 || total
-------------------------+-------+-------+-------+-------++-------
Melee: Long sword        |    54 |       |       |       ||    54
       Dagger            |    14 |    61 |    50 |    18 ||   143
       Falchion          |       |    11 |   189 |   145 ||   345
Throw: Stone             |     5 |    26 |    19 |    21 ||    71
       Boomerang         |       |       |     2 |     2 ||     4
       Throwing net      |       |       |     1 |       ||     1
Invok: Heroism           |       |       |       |     3 ||     3
 Abil: Spit Poison       |    20 |    18 |    21 |    17 ||    76
Evoke: Wand              |       |       |     4 |       ||     4
  Use: Scroll            |     1 |       |     2 |     5 ||     8
       Potion            |       |     1 |     2 |     1 ||     4
 Stab: Sleeping          |       |       |     7 |     3 ||    10
       Held in net/web   |       |       |     2 |       ||     2
Armor: Scale mail        |    31 |    32 |    77 |    40 ||   180
Dodge: Dodged            |    37 |    30 |    96 |    71 ||   234
Block: Buckler           |    17 |     9 |    68 |    38 ||   132
